LNM
TOLUCA CHORIZOS @ CHETUMAL MAYAS
10/31/1904
 
TOP OF THE 1ST
Toluca Chorizos batting - Pitching for Chetumal Mayas : RHP Roodan Keay
Pitching: RHP Roodan Keay
Batting: RHB Procopio Zegarra 0-0: Foul Ball, location: 2F
0-1: Reached on error, E5 (Groundball, 56, EV 112 KM/H)
Batting: RHB Tito Bravo 0-0: Called Strike
Procopio Zegarra steals 2nd base
0-1: Ball
1-1: Fly out, F6 (Line Drive, 56, EV 102 KM/H)
Batting: LHB Marco Antonio Sánchez 0-0: Ball
1-0: Swinging Strike
1-1: Fly out, F5 (Popup, 56S, EV 148 KM/H)
Batting: SHB Santiago Silva 0-0: Ball
1-0: Ground out U3 (Groundball, 3S, EV 120 KM/H)
Top of the 1st over - 0 runs, 0 hits, 1 error, 1 left on base; Toluca 0 - Chetumal 0
BOTTOM OF THE 1ST
Chetumal Mayas batting - Pitching for Toluca Chorizos : RHP Dagoberto Hernández
Pitching: RHP Dagoberto Hernández
Batting: LHB Demóstenes Duarte 0-0: Ball
1-0: Called Strike
1-1: Swinging Strike
1-2: Ball
2-2: Foul Ball, location: 23F
2-2: Ball
3-2: SINGLE (Groundball, 34D, EV 164 KM/H)
Batting: RHB Aimar Mendoza 0-0: Bunt - Flyout to P! F1
Batting: LHB Demetrio Coronel 0-0: Called Strike
0-1: Called Strike
Demóstenes Duarte steals 2nd base
0-2: Foul Ball, location: 23F
0-2: Ground out 6-3 (Groundball, 6, EV 134 KM/H)
Demóstenes Duarte to third
Batting: RHB Severo Vásquez 0-0: Ball
1-0: Ground out 5-3 (Groundball, 56, EV 164 KM/H)
Bottom of the 1st over - 0 runs, 1 hit, 0 errors, 1 left on base; Toluca 0 - Chetumal 0
TOP OF THE 2ND
Toluca Chorizos batting - Pitching for Chetumal Mayas : RHP Roodan Keay
Batting: RHB Eduardo González 0-0: Foul Ball, location: 25F
0-1: Ball
1-1: Foul Ball, location: 5F
1-2: SINGLE (Line Drive, 6D, EV 151 KM/H)
Batting: RHB Rafael Duarte 0-0: Fielders Choice at 2nd, 5-4 (Groundball, 5L, EV 166 KM/H)
Batting: SHB Mackenzie Owen 0-0: Fly out, F7 (Flyball, 7, EV 153 KM/H)
Batting: RHB Marco Valdez 0-0: Ball
1-0: Called Strike
1-1: Swinging Strike
1-2: Strikes out swinging
Top of the 2nd over - 0 runs, 1 hit, 0 errors, 1 left on base; Toluca 0 - Chetumal 0
BOTTOM OF THE 2ND
Chetumal Mayas batting - Pitching for Toluca Chorizos : RHP Dagoberto Hernández
Batting: RHB Danny Richardson 0-0: Foul Ball, location: 9LDF
0-1: Ball
1-1: Ball
2-1: Foul Ball, location: 25F
2-2: DOUBLE (Flyball, 78XD, EV 160 KM/H)
Batting: RHB Rodrigo Rodríguez 0-0: Fly out, F7 (Line Drive, 7, EV 150 KM/H)
Batting: RHB Jorge Salazar 0-0: Ball
1-0: Ball
2-0: Foul Ball, location: 3FF
2-1: Swinging Strike
2-2: Ball
3-2: Foul Ball, location: 9LMF
3-2: Fly out, F8 (Flyball, 8RM, EV 154 KM/H)
Batting: RHB Bernal Martínez 0-0: DOUBLE (Groundball, 5L, EV 170 KM/H)
Danny Richardson scores
Batting: LHB Roodan Keay 0-0: Ball
1-0: Ball
2-0: Ball
3-0: Called Strike
3-1: Called Strike
3-2: Fly out, F5 (Popup, 56S, EV 109 KM/H)
Bottom of the 2nd over - 1 run, 2 hits, 0 errors, 1 left on base; Toluca 0 - Chetumal 1
TOP OF THE 3RD
Toluca Chorizos batting - Pitching for Chetumal Mayas : RHP Roodan Keay
Batting: RHB Dagoberto Hernández 0-0: Ground out 3-1 (Groundball, 34S, EV 136 KM/H)
Batting: RHB Procopio Zegarra 0-0: Ball
1-0: Called Strike
1-1: Ball
2-1: Called Strike
2-2: Foul Ball, location: 2F
2-2: Ball
3-2: Foul Ball, location: 2F
3-2: SINGLE (Line Drive, 4D, EV 176 KM/H)
Batting: RHB Tito Bravo 0-0: Ball
1-0: Called Strike
Procopio Zegarra steals 2nd base
1-1: Ball
2-1: Foul Ball, location: 2F
2-2: Foul Ball, location: 2F
2-2: Ball
3-2: Foul Ball, location: 23F
3-2: Ground out 6-3 (Groundball, 6D, EV 167 KM/H)
Batting: LHB Marco Antonio Sánchez 0-0: Foul Ball, location: 7LMF
0-1: Ball
1-1: Ball
2-1: Fly out, F4 (Popup, 4D, EV 93 KM/H)
Top of the 3rd over - 0 runs, 1 hit, 0 errors, 1 left on base; Toluca 0 - Chetumal 1
BOTTOM OF THE 3RD
Chetumal Mayas batting - Pitching for Toluca Chorizos : RHP Dagoberto Hernández
Batting: LHB Demóstenes Duarte 0-0: Ball
1-0: Called Strike
1-1: Ball
2-1: Fly out, F8 (Line Drive, 89D, EV 151 KM/H)
Batting: RHB Aimar Mendoza 0-0: Ball
1-0: SINGLE (Line Drive, 89S, EV 145 KM/H)
Batting: LHB Demetrio Coronel 0-0: Ball
1-0: Called Strike
1-1: Foul Ball, location: 5DF
1-2: Fielders Choice at 2nd, U6 (Groundball, 4M, EV 142 KM/H)
Batting: RHB Severo Vásquez 0-0: Ground out 6-3 (Groundball, 6S, EV 126 KM/H)
Bottom of the 3rd over - 0 runs, 1 hit, 0 errors, 1 left on base; Toluca 0 - Chetumal 1
TOP OF THE 4TH
Toluca Chorizos batting - Pitching for Chetumal Mayas : RHP Roodan Keay
Batting: SHB Santiago Silva 0-0: Ball
1-0: Ball
2-0: Called Strike
2-1: Ground out U3 (Groundball, 3L, EV 130 KM/H)
Batting: RHB Eduardo González 0-0: Called Strike
0-1: Ball
1-1: Foul Ball, location: 25F
1-2: Fly out, F4 (Popup, 4MD, EV 98 KM/H)
Batting: RHB Rafael Duarte 0-0: Ball
1-0: Called Strike
1-1: Ball
2-1: Foul Ball, location: 7LMF
2-2: Foul Ball, location: 2F
2-2: Foul Ball, location: 2F
2-2: Ground out 6-3 (Groundball, 6MD, EV 168 KM/H)
Top of the 4th over - 0 runs, 0 hits, 0 errors, 0 left on base; Toluca 0 - Chetumal 1
BOTTOM OF THE 4TH
Chetumal Mayas batting - Pitching for Toluca Chorizos : RHP Dagoberto Hernández
Batting: RHB Danny Richardson 0-0: Fly out, F8 (Flyball, 8RD, EV 167 KM/H)
Batting: RHB Rodrigo Rodríguez 0-0: Ball
1-0: Ball
2-0: Called Strike
2-1: SINGLE (Groundball, 34D, EV 152 KM/H)
Batting: RHB Jorge Salazar 0-0: Called Strike
0-1: Ball
1-1: Foul Ball, location: 2F
1-2: TRIPLE (Flyball, 9LD, EV 166 KM/H)
Rodrigo Rodríguez scores
Batting: RHB Bernal Martínez 0-0: Ball
1-0: Called Strike
1-1: Ground out 5-3 (Groundball, 5, EV 160 KM/H)
Batting: LHB Roodan Keay 0-0: Ball
1-0: Called Strike
1-1: Swinging Strike
1-2: Strikes out swinging
Bottom of the 4th over - 1 run, 2 hits, 0 errors, 1 left on base; Toluca 0 - Chetumal 2
TOP OF THE 5TH
Toluca Chorizos batting - Pitching for Chetumal Mayas : RHP Roodan Keay
Batting: SHB Mackenzie Owen 0-0: Ground out 5-3 (Groundball, 56, EV 146 KM/H)
Batting: RHB Marco Valdez 0-0: Ball
1-0: Called Strike
1-1: Ground out 6-3 (Groundball, 6MS, EV 131 KM/H)
Batting: RHB Dagoberto Hernández 0-0: Called Strike
0-1: Swinging Strike
0-2: Strikes out swinging
Top of the 5th over - 0 runs, 0 hits, 0 errors, 0 left on base; Toluca 0 - Chetumal 2
BOTTOM OF THE 5TH
Chetumal Mayas batting - Pitching for Toluca Chorizos : RHP Dagoberto Hernández
Batting: LHB Demóstenes Duarte 0-0: Ground out 4-3 (Groundball, 4M, EV 141 KM/H)
Batting: RHB Aimar Mendoza 0-0: Ball
1-0: Ground out 5-3 (Groundball, 5S, EV 144 KM/H)
Batting: LHB Demetrio Coronel 0-0: Foul Ball, location: 7LSF
0-1: Fly out, F4 (Line Drive, 4M, EV 107 KM/H)
Bottom of the 5th over - 0 runs, 0 hits, 0 errors, 0 left on base; Toluca 0 - Chetumal 2
TOP OF THE 6TH
Toluca Chorizos batting - Pitching for Chetumal Mayas : RHP Roodan Keay
Batting: RHB Procopio Zegarra 0-0: Ball
1-0: Called Strike
1-1: Foul Ball, location: 7LMF
1-2: SINGLE (Groundball, 6MD, EV 170 KM/H)
Batting: RHB Tito Bravo 0-0: Called Strike
Procopio Zegarra steals 2nd base
0-1: Ball
1-1: Ball
2-1: Ground out 1-3 (Groundball, 25, EV 119 KM/H)
Batting: LHB Marco Antonio Sánchez 0-0: Called Strike
0-1: Ball
1-1: Foul Ball, location: 2F
1-2: Ball
2-2: Reached on error, E4 (Groundball, 34, EV 132 KM/H)
Procopio Zegarra scores
Batting: SHB Santiago Silva 0-0: Ground out U3 (Groundball, 3L, EV 140 KM/H)
Marco Antonio Sánchez to third
Batting: RHB Eduardo González 0-0: Ball
1-0: Foul Ball, location: 23F
1-1: Ground out 6-3 (Groundball, 6MS, EV 143 KM/H)
Top of the 6th over - 1 run, 1 hit, 1 error, 1 left on base; Toluca 1 - Chetumal 2
BOTTOM OF THE 6TH
Chetumal Mayas batting - Pitching for Toluca Chorizos : RHP Dagoberto Hernández
Batting: RHB Severo Vásquez 0-0: Fly out, F4 (Popup, 4, EV 99 KM/H)
Batting: RHB Danny Richardson 0-0: Ball
1-0: Fly out, F8 (Flyball, 8RS, EV 141 KM/H)
Batting: RHB Rodrigo Rodríguez 0-0: Swinging Strike
0-1: Called Strike
0-2: Ball
1-2: Ball
2-2: Foul Ball, location: 3FF
2-2: DOUBLE (Flyball, 8RXD, EV 152 KM/H)
Batting: RHB Jorge Salazar 0-0: Ground out 4-3 (Groundball, 4, EV 133 KM/H)
Bottom of the 6th over - 0 runs, 1 hit, 0 errors, 1 left on base; Toluca 1 - Chetumal 2
TOP OF THE 7TH
Toluca Chorizos batting - Pitching for Chetumal Mayas : RHP Roodan Keay
Batting: RHB Rafael Duarte 0-0: Ball
1-0: Foul Ball, location: 9LSF
1-1: SINGLE (Line Drive, 89S, EV 157 KM/H)
DELAY Rain delay of 16 minutes in the 7th inning.
Batting: SHB Mackenzie Owen 0-0: Sac Bunt - play at second, runner OUT -> throw to first, DP!
Pinch Hitting: RHB Roy Jennings 0-0: Ball
1-0: Ball
2-0: Ball
3-0: Called Strike
3-1: SINGLE (Line Drive, 8LS, EV 166 KM/H)
Batting: RHB Dagoberto Hernández 0-0: Swinging Strike
0-1: Fly out, F6 (Popup, P, EV 128 KM/H)
Top of the 7th over - 0 runs, 2 hits, 0 errors, 1 left on base; Toluca 1 - Chetumal 2
BOTTOM OF THE 7TH
Chetumal Mayas batting - Pitching for Toluca Chorizos : RHP Dagoberto Hernández
Now at 1B: Roy Jennings
Now in CF: Rafael Duarte
Batting: RHB Bernal Martínez 0-0: Ball
1-0: Swinging Strike
1-1: Ball
2-1: Ball
3-1: Called Strike
3-2: Strikes out swinging
Batting: LHB Roodan Keay 0-0: Ball
1-0: Called Strike
1-1: Swinging Strike
1-2: Foul Ball, location: 9LMF
1-2: Strikes out swinging
Batting: LHB Demóstenes Duarte 0-0: Called Strike
0-1: Fly out, F4 (Popup, 3DF, EV 102 KM/H)
Bottom of the 7th over - 0 runs, 0 hits, 0 errors, 0 left on base; Toluca 1 - Chetumal 2
TOP OF THE 8TH
Toluca Chorizos batting - Pitching for Chetumal Mayas : RHP Roodan Keay
Batting: RHB Procopio Zegarra 0-0: Fly out, F6 (Line Drive, 6, EV 111 KM/H)
Pinch Hitting: LHB Nemesio Amador 0-0: Ball
1-0: Swinging Strike
1-1: Ball
2-1: Fly out, F4 (Popup, 34D, EV 87 KM/H)
Batting: LHB Marco Antonio Sánchez 0-0: Ball
1-0: Called Strike
1-1: Ball
2-1: Ball
3-1: Ground out 6-3 (Groundball, 6M, EV 129 KM/H)
Top of the 8th over - 0 runs, 0 hits, 0 errors, 0 left on base; Toluca 1 - Chetumal 2
BOTTOM OF THE 8TH
Chetumal Mayas batting - Pitching for Toluca Chorizos : RHP Dagoberto Hernández
Now in LF: Nemesio Amador
Batting: RHB Aimar Mendoza 0-0: Called Strike
0-1: Ball
1-1: Ground out 6-3 (Groundball, 6M, EV 163 KM/H)
Batting: LHB Demetrio Coronel 0-0: Ball
1-0: Ball
2-0: Foul Ball, location: 5F
2-1: Swinging Strike
2-2: Ball
3-2: SINGLE (Groundball, 4M, EV 165 KM/H) (infield hit)
Batting: RHB Severo Vásquez 0-0: Fielders Choice at 2nd, 3-6 (Groundball, 34, EV 135 KM/H)
Batting: RHB Danny Richardson 0-0: Called Strike
Severo Vásquez is caught stealing 2nd base 2-4
Bottom of the 8th over - 0 runs, 1 hit, 0 errors, 0 left on base; Toluca 1 - Chetumal 2
TOP OF THE 9TH
Toluca Chorizos batting - Pitching for Chetumal Mayas : RHP Roodan Keay
Now at 2B: Ernesto Montoya
Now in RF: Adán Peña
Batting: SHB Santiago Silva 0-0: Swinging Strike
0-1: Foul Ball, location: 3FF
0-2: Ball
1-2: Ball
2-2: Ground out 4-3 (Groundball, 4, EV 133 KM/H)
Pinch Hitting: LHB Roano Ontiveros 0-0: Foul Ball, location: 2F
0-1: Ball
1-1: Ball
2-1: Fly out, F8 (Flyball, 8LD, EV 166 KM/H)
Batting: RHB Rafael Duarte 0-0: Called Strike
0-1: Ball
1-1: Ball
2-1: Swinging Strike
2-2: Foul Ball, location: 5F
2-2: Ball
3-2: Foul Ball, location: 2F
3-2: Hit by Pitch
Pinch Hitting: LHB Samuel Núñez 0-0: Called Strike
0-1: Called Strike
0-2: Fielders Choice at 2nd, 6-4 (Groundball, 56, EV 139 KM/H)
Top of the 9th over - 0 runs, 0 hits, 0 errors, 1 left on base; Toluca 1 - Chetumal 2
Saturday, August 31st , 2024 - OOTP Baseball 25.8 Build 87